 Dungeon Crawl Stone Soup version 0.32-a0-163-g159c032296 (webtiles) character file.

Game seed: 14161481040264976760

4820 bazingina the Grappler (level 10, -3/85 (105) HPs)
             Began as a Troll Chaos Knight on Feb 12, 2024.
             Was a Plaything of Xom.
             Slain by a wight
             ... wielding a +3 hand axe
              (10 damage)
             ... on level 8 of the Dungeon.
             The game lasted 00:17:38 (5662 turns).

bazingina the Grappler (Troll Chaos Knight)         Turns: 5662, Time: 00:17:39

HP:   -3/85 (105)   AC:  9    Str: 21    XL:     10   Next: 24%
MP:   9/9           EV: 11    Int: 12    God:    Xom [....*.]
Gold: 402           SH:  0    Dex: 12    Spells: 9/9 levels left

rFire   + .          .
                       - Unarmed
rCold   + . .        (no shield)
rNeg    . . .        u - +2 robe {rC+}
rPois   +            (helmet restricted)
rElec   .            e - +0 cloak
rCorr   .            (gloves unavailable)
SInv    .            (boots unavailable)
Will    .....        h - amulet of faith
Stlth   ++           d - ring of poison resistance
HPRegen 1.94/turn    l - ring of protection from fire
MPRegen 0.11/turn

%: faith
@: heavily drained
A: large, unfitting armour, claws 3, regeneration 2, shaggy fur 1, tough skin 1,
iridescent scales 1, clever 1, sense surroundings 1, robust 1, evolution 1
a: Renounce Religion


You were on level 8 of the Dungeon.
You worshipped Xom.
You were a beloved toy of Xom.
You visited 1 branch of the dungeon, and saw 8 of its levels.

You collected 402 gold pieces.

Inventory:

Hand Weapons
 b - a +5 quarterstaff of chaos
 w - a +3 battleaxe of chaos
Armour
 a - a +2 robe
 e - a +0 cloak (worn)
 u - a +2 robe of cold resistance (worn)
 y - an orb of light
Jewellery
 d - a ring of poison resistance (left claw)
 h - an amulet of faith (around neck)
 l - a ring of protection from fire (right claw)
 m - a ring of protection from fire
 o - an amulet of regeneration
 p - a ring of fire
 z - an amulet of the acrobat
 A - a ring of protection from cold
Wands
 j - a wand of flame (18)
 n - a wand of light (12)
 x - a wand of mindburst (18)
Scrolls
 f - 3 scrolls of poison
 i - 2 scrolls of vulnerability
 s - 4 scrolls of identify
 t - a scroll of blinking
 v - 2 scrolls of teleportation
Potions
 g - a potion of curing
 k - a potion of degeneration
 q - a potion of lignification


   Skills:
 * Level 5.2 Fighting
 * Level 6.0 Dodging
 + Level 2.3 Stealth
 * Level 12.0 Unarmed Combat


You had 9 spell levels left.
You didn't know any spells.
Your spell library was empty.

Dungeon Overview and Level Annotations

Branches:
Dungeon (8/15)             Temple (0/1) D:4
   Lair: D:8-11

Altars:
Hepliaklqana
Kikubaaqudgha
Okawaru
Qazlal
Xom
Yredelemnul

Shops:
D:5 (:   D:6 (*[


Innate Abilities, Weirdness & Mutations

You are too large for most types of armour.
You have claws for hands.
You heal very quickly.
You are covered in fur. (AC +1)
You have tough skin. (AC +1)
You are partially covered in iridescent scales. (AC +2)
Your mind is acute. (Int +4, Str/Dex -1)
You passively map a small area around you.
You are robust. (+10% HP)
You have hidden genetic potential.


Message History

You feel drained.
You barely miss the wight.
The wight is heavily damaged.
The wight closely misses you. x2
The wight hits you with a +4 morningstar.
You mangle the wight!!
You destroy the wight!
The wight closely misses you. The wight hits you but does no damage.
The wight barely misses you.
Unknown command.
You claw the wight!
You destroy the wight!
Your Unarmed Combat skill increases to level 12!
You barely miss the wight.
The wight is heavily damaged.
The wight closely misses you.
The wight hits you with a +4 morningstar!
You feel drained. The wight closely misses you.
Unknown command.
You completely miss the wight.
The wight is heavily damaged.
The wight hits you with a +2 morningstar!
* * * LOW HITPOINT WARNING * * *
The wight hits you with a +4 morningstar!
* * * LOW HITPOINT WARNING * * *
The wight completely misses you. The wight hits you with a +3 hand axe.
* * * LOW HITPOINT WARNING * * *
You feel much better. The wight barely misses you.
The wight hits you with a +4 morningstar!
* * * LOW HITPOINT WARNING * * *
The wight hits you with a +0 dagger.
* * * LOW HITPOINT WARNING * * *
The wight hits you with a +3 hand axe.
* * * LOW HITPOINT WARNING * * *
You feel drained.
As you read the scroll of fog, it dissolves into smoke.
The wight hits you but does no damage. The wight barely misses you.
The wight closely misses you. The wight hits you with a +3 hand axe!
You die...
Xom guffaws!

.#..#...................,
, ,
#...#.......##*....... *
,, #.....###^...#*#...#.#
* ###...# ####.# #.#...*
** ##..### #.# #.... # *
* ##..###### #.###..#
.### , , .........#
#..##§§#..... .........#
##..§§§....##** ,
.........# #.§z@§......
.........# #.§zzz....## *
.......).# ####.§.....# *
(........# #.......# ,
.........# ##......#
.........# *..>...# ,
....... *......# ......#
, * *


You could see 4 wights.

Vanquished Creatures
  Erica (D:8)
  Pikel (D:8)
  Joseph (D:7)
  Grinder (D:4)
  Sigmund (D:5)
  Menkaure (D:7)
  A steam dragon (D:7)
  Edmund (D:6)
  Duvessa (D:7)
  3 orc warriors
  A sky beast (D:8)
  An ice beast (D:6)
  3 ogres
  A centaur (D:7)
  A phantom (D:5)
  4 bullfrogs
  A scorpion (D:6)
  5 wights (D:8)
  Dowan (D:7)
  6 killer bees (D:8)
  4 howler monkeys
  3 orc priests (D:6)
  Crazy Yiuf (D:3)
  3 hounds
  3 iguanas
  Ijyb (D:4)
  2 sleepcaps
  A gnoll (D:1)
  10 adders
  4 white imps
  4 ufetubi (D:7)
  3 dart slugs (D:2)
  3 ribbon worms (D:2)
  14 orcs
  6 bats
  2 endoplasms (D:1)
  4 giant cockroaches
  6 goblins
  10 hobgoblins
  3 jackals (D:1)
  2 quokkas
  7 ball pythons
  4 frilled lizards (D:2)
  6 kobolds
  4 rats
146 creatures vanquished.

Vanquished Creatures (collateral kills)
  A scorpion (D:5)
  A hound (D:5)
2 creatures vanquished.

Vanquished Creatures (others)
  A black bear (D:7)
  A scorpion (D:7)
2 creatures vanquished.

Grand Total: 150 creatures vanquished

Notes
Turn   | Place    | Note
-------+----------+-------------------------------------------
     0 | D:1      | bazingina the Troll Chaos Knight began the quest for the
                  | Orb.
     0 | D:1      | Reached XP level 1. HP: 22/22 MP: 0/0
    65 | D:1      | Reached XP level 2. HP: 25/29 MP: 1/1
   214 | D:1      | XOM: silly message
   215 | D:1      | Gained mutation: You passively map a small area around you.
                  | [potion of mutation]
   215 | D:1      | Gained mutation: You have sharp toenails. [potion of
                  | mutation]
   362 | D:1      | XOM: silly message
   458 | D:1      | Reached XP level 3. HP: 28/36 MP: 2/2
   510 | D:1      | Lost mutation: You have sharp toenails. [potion of
                  | mutation]
   510 | D:1      | Lost mutation: You passively map a small area around you.
                  | [potion of mutation]
   510 | D:1      | Gained mutation: You possess an exceptional clarity of
                  | mind. [potion of mutation]
   510 | D:1      | Gained mutation: A frigid envelope surrounds you and
                  | freezes all who hurt you. [potion of mutation]
   706 | D:2      | Found an ancient bone altar of Kikubaaqudgha.
   804 | D:2      | Reached skill level 4 in Unarmed Combat
   809 | D:2      | Reached XP level 4. HP: 45/45 MP: 3/3
   971 | D:2      | XOM: divination: detect items
   978 | D:2      | XOM: silly message
  1366 | D:3      | Noticed an ogre
  1371 | D:3      | XOM: potion effect (brilliance)
  1375 | D:3      | XOM: potion effect (invisibility)
  1377 | D:3      | Killed an ogre
  1378 | D:3      | Reached skill level 5 in Unarmed Combat
  1378 | D:3      | Reached XP level 5. HP: 28/53 MP: 4/4
  1480 | D:3      | Found a runed translucent door.
  1481 | D:3      | Noticed Crazy Yiuf
  1688 | D:3      | Killed Crazy Yiuf
  1891 | D:3      | Found a faded altar of an unknown god.
  1898 | D:3      | Lost mutation: A frigid envelope surrounds you and freezes
                  | all who hurt you. [potion of mutation]
  1898 | D:3      | Lost mutation: You possess an exceptional clarity of mind.
                  | [potion of mutation]
  1898 | D:3      | Gained mutation: You heal very quickly. [potion of
                  | mutation]
  1949 | D:3      | XOM: silly message
  1969 | D:3      | XOM is BORED!
  1969 | D:3      | XOM: summons 3 hostile demons
  2100 | D:4      | XOM: 2-stop teleportation journey
  2152 | D:4      | Found a staircase to the Ecumenical Temple.
  2410 | D:4      | Reached XP level 6. HP: 61/61 MP: 5/5
  2413 | D:4      | Noticed Ijyb
  2418 | D:4      | Noticed Grinder
  2434 | D:4      | Killed Ijyb
  2438 | D:4      | Paralysed by Grinder for 3 turns
  2454 | D:4      | Paralysed by Grinder for 2 turns
  2457 | D:4      | Killed Grinder
  2458 | D:4      | Reached skill level 6 in Unarmed Combat
  2458 | D:4      | Reached XP level 7. HP: 64/67 MP: 6/6
  2835 | D:5      | Entered Level 5 of the Dungeon
  2890 | D:5      | Found Boamixt's Weapon Boutique.
  2893 | D:5      | Found Syney's Book Boutique.
  2896 | D:5      | XOM: summons 7 friendly demons
  2909 | D:5      | XOM: silly message
  2959 | D:5      | Noticed Sigmund
  2976 | D:5      | Killed Sigmund
  2977 | D:5      | Reached skill level 1 in Stealth
  2977 | D:5      | Reached skill level 7 in Unarmed Combat
  3046 | D:5      | XOM: enchant monster (good)
  3212 | D:5      | XOM: summons 4 hostile shadow creatures
  3288 | D:5      | Found a hazy altar of Hepliaklqana.
  3352 | D:5      | Found an iron altar of Okawaru.
  3352 | D:5      | Found a stormy altar of Qazlal.
  3410 | D:5      | XOM: divination: detect creatures
  3416 | D:5      | Reached XP level 8. HP: 74/78 MP: 7/7
  3525 | D:6      | XOM: 1-stop teleportation journey
  3533 | D:6      | XOM: swap monsters
  3536 | D:6      | XOM: swap monsters
  3550 | D:6      | Reached skill level 8 in Unarmed Combat
  3675 | D:6      | XOM: 1-stop teleportation journey
  3676 | D:6      | XOM: confuse monster(s)
  3684 | D:6      | XOM: divination: detect items
  3737 | D:6      | Found Tircheca's Assorted Antiques.
  3777 | D:6      | XOM: cloud trail
  3905 | D:6      | XOM: 4-stop teleportation journey
  3954 | D:6      | Noticed Edmund
  3957 | D:6      | XOM: 3-stop teleportation journey
  3987 | D:6      | Killed Edmund
  3988 | D:6      | Reached skill level 9 in Unarmed Combat
  3998 | D:6      | Found Canuran's Armour Boutique.
  4066 | D:6      | Found Zaciong's Weapon Shoppe.
  4441 | D:6      | XOM: god gift: 39 gold pieces
  4540 | D:7      | Noticed Joseph
  4542 | D:7      | Noticed Dowan
  4544 | D:7      | Noticed Duvessa
  4554 | D:7      | Killed Joseph
  4555 | D:7      | Reached XP level 9. HP: 49/85 MP: 8/8
  4555 | D:7      | XOM: cast spell 'Cause Fear'
  4576 | D:7      | Killed Duvessa
  4577 | D:7      | Reached skill level 5 in Dodging
  4584 | D:7      | Killed Dowan
  4585 | D:7      | Reached skill level 10 in Unarmed Combat
  4614 | D:7      | Noticed Menkaure
  4630 | D:7      | XOM: butterfly on damage
  4631 | D:7      | XOM: confuse monster(s)
  4633 | D:7      | Killed Menkaure
  4727 | D:7      | XOM: give mutations
  4727 | D:7      | Gained mutation: Your system is resistant to poisons.
                  | (rPois) [Xom's grace]
  4727 | D:7      | Gained mutation: Your flesh is cold resistant. (rC+) [Xom's
                  | grace]
  4789 | D:7      | XOM: divine lightning
  4854 | D:7      | XOM: god gift: +2 battleaxe of chaos
  4898 | D:7      | XOM: cleaving
  4915 | D:7      | XOM: 1-stop teleportation journey
  5006 | D:7      | Lost mutation: You heal very quickly. [potion of mutation]
  5006 | D:7      | Lost mutation: Your flesh is cold resistant. (rC+) [potion
                  | of mutation]
  5006 | D:7      | Gained mutation: You are partially covered in iridescent
                  | scales. (AC +2) [potion of mutation]
  5006 | D:7      | Lost mutation: Your system is resistant to poisons. (rPois)
                  | [potion of mutation]
  5006 | D:7      | Gained mutation: You passively map a small area around you.
                  | [potion of mutation]
  5024 | D:7      | XOM: god gift: robe {god gift}
  5309 | D:7      | XOM: divination: detect items
  5316 | D:7      | XOM: scenery: create altars
  5379 | D:7      | XOM: divination: detect items
  5381 | D:7      | XOM: give mutations
  5381 | D:7      | Gained mutation: You are robust. (+10% HP) [Xom's grace]
  5381 | D:7      | Gained mutation: You have hidden genetic potential. [Xom's
                  | grace]
  5381 | D:7      | Gained mutation: Your mind is acute. (Int +4, Str/Dex -1)
                  | [Xom's grace]
  5381 | D:7      | Gained mutation: You heal very quickly. [Xom's grace]
  5412 | D:7      | XOM: silly message
  5450 | D:8      | Noticed Pikel
  5451 | D:8      | XOM: divination: detect items
  5454 | D:8      | XOM: cast spell 'Olgreb's Toxic Radiance'
  5458 | D:8      | Killed Pikel
  5459 | D:8      | Reached skill level 5 in Fighting
  5459 | D:8      | Reached skill level 11 in Unarmed Combat
  5465 | D:8      | XOM: divination: detect creatures
  5538 | D:8      | Reached XP level 10. HP: 104/105 MP: 9/9
  5561 | D:8      | Noticed Erica
  5568 | D:8      | XOM: fog
  5569 | D:8      | XOM: cleaving
  5571 | D:8      | Killed Erica
  5574 | D:8      | XOM: summons friendly ufetubus
  5609 | D:8      | Found a basalt altar of Yredelemnul.
  5659 | D:8      | Reached skill level 12 in Unarmed Combat
  5660 | D:8      | HP: 4/86 [wight/+3 hand axe (4)]
  5662 | D:8      | Slain by a wight

Illustrated notes

Levels and vault maps discovered:
D:1:      dpeg_arrival_oval, layout_rooms, corexii_hall_statues_l,
          chequers_decorated_corner, grunt_decor_mini_mirrors,
          nicolae_grassy_gnolls
D:2:      minmay_evil_eye, layout_loops_cross, basic_altar
D:3:      layout_rooms, shapermc_ecumenical_altar_starsandcircs,
          dreamdust_mushroom_princess, uniq_crazy_yiuf_cottage
D:4:      layout_basic, temple_doors_e, uniq_grinder, uniq_ijyb
D:5:      layout_basic, gammafunk_temple_overflow_elements,
          nicolae_overflow_crystal_walls, nicolae_wooded_promenade,
          kennysheep_decorative_pillar, serial_bayou_lagoon_a,
          small_statue_alley_b, uniq_sigmund
D:6:      layout_basic, serial_shops, nicolae_inconvenience_store,
          nicolae_diamond_shop, nicolae_shop_tiny_statue_garden,
          hex_intersection, uniq_edmund
D:7:      black_bear_nest_1, layout_loops_ring, uniq_menkaure, uniq_joseph,
          uniq_duvessa
D:8:      layout_rooms, lemuel_doored_altar, uniq_pikel, uniq_erica

Skill      XL: |  1  2  3  4  5  6  7  8  9 10 |
---------------+-------------------------------+-----
Dodging        | 2 3 4 5 6 |  6.0
Fighting       | 3 4 5 |  5.2
Unarmed Combat | 4 5 6 7 9 11 12 | 12.0
Stealth        | 1 2 |  2.3

Action                     |  1- 3 |  4- 6 |  7- 9 | 10-12 || total
---------------------------+-------+-------+-------+-------++-------
  Melee: Unarmed           |    56 |    94 |   231 |    30 ||   411
         Kick              |     6 |       |       |       ||     6
         Punch             |     1 |     2 |    11 |     3 ||    17
    Use: Scroll            |     3 |    10 |     8 |     1 ||    22
         Potion            |     2 |     5 |     6 |     3 ||    16
   Stab: Sleeping          |       |     2 |     3 |       ||     5
         Paralysed         |       |       |     1 |       ||     1
         Distracted        |       |       |     1 |       ||     1
 Armour: Robe              |    48 |    73 |   163 |    40 ||   324
  Dodge: Dodged            |    42 |    61 |   110 |    23 ||   236

Table legend: (Time is in decaauts)
 A = Elapsed time spent in this place.
 B = Non-inter-level travel time spent in this place.
 C = Inter-level travel time spent in this place.
 D = Time resting spent in this place.
 E = Time spent auto-exploring this place.
 F = Levels seen in this place.
 G = Mean time per level.
                   A        B        C        D        E       F      G
               +--------+--------+--------+--------+--------+-----+--------+
         Total |   5631 |   5471 |    160 |    290 |   4048 |   8 |  703.9 |
       Dungeon |   5631 |   5471 |    160 |    290 |   4048 |   8 |  703.9 |
               +--------+--------+--------+--------+--------+-----+--------+

Top non-repeatable levels by time:
     D:7: 970 daAuts
     D:6: 966 daAuts
     D:4: 801 daAuts
     D:2: 749 daAuts
     D:3: 663 daAuts
     D:5: 646 daAuts
     D:1: 606 daAuts
     D:8: 226 daAuts
